[Event "Early-Titled-Tuesday-Blitz-November-28-2023"]
[Site "Chess.com"]
[Date "2023.11.28"]
[Round "7"]
[White "Karateloru"]
[Black "M1711"]
[Result "1-0"]
[WhiteElo "2793"]
[BlackElo "2605"]
[TimeControl "180+1"]
[EndTime "9:25:54 PST"]
[Termination "Karateloru won on time"]

1. e4 c5 2. Nf3 e6 3. d4 cxd4 4.
Nxd4 Nc6 5. Nc3 Qc7 6. Ncb5 Qb8 7.
Bd3 a6 8. Nxc6 dxc6 9. Nc3 Bd6 10. Qg4 g6 11. Qh4 h5 12. Bg5 Kf8 13. O-O-O Kg7 14. Kb1 Be5 15. Ne2 Qc7 16. f4 Bf6 17. e5 Bxg5 18.
Qxg5 Qe7 19. Qg3 Bd7 20. Nc3 Nh6 21. Be4 Rad8 22. Qf3 Bc8 23. g3 Rxd1+ 24. Rxd1 Rd8 25. Bd3 Nf5 26. Ne4 c5 27. b3 b5 28. c3 Bb7 29.
Qe2 c4 30. Bc2 cxb3 31. axb3 Rxd1+ 32. Qxd1 Qc7 33. Qd2 Bd5 34. Nf6 Ne7 35. Kb2 Qc5 36.
h3 a5 37. g4 a4 38. gxh5 axb3 39. Bxb3 Bxb3 40. Kxb3 Qc4+ 41. Kb2 Nd5 42. Nxd5 exd5 43. hxg6 fxg6 44. Qd4 Qe2+ 45. Kb3 Qd1+ 46. Kb4 Qb1+ 47.
Kc5 Qh1 48. Qxd5 Qxh3 49. Qd4 Kf7 50. Kxb5 Qf1+ 51. Qc4+ Qxc4+ 52. Kxc4 Ke6 53. Kd4 1-0

[Event "Early-Titled-Tuesday-Blitz-November-28-2023"]
[Site "Chess.com"]
[Date "2023.11.28"]
[Round "7"]
[White "LaPiToB"]
[Black "Khromkin"]
[Result "0-1"]
[WhiteElo "2274"]
[BlackElo "2479"]
[TimeControl "180+1"]
[EndTime "9:25:54 PST"]
[Termination "Khromkin won by resignation"]

1. d4 d5 2. c4 dxc4 3. e3 e5 4.
Bxc4 exd4 5. exd4 Bd6 6. Nf3 Nf6 7. O-O O-O 8. Nc3 Nc6 9. Re1 Re8 10. Rxe8+ Qxe8 11. Ng5 Nd8 12. Bd2 h6 13. Nf3 Bg4 14. h3 Bh5 15.
Be2 Ne6 16. Be3 Nf4 17. Bf1 N6d5 18. Nxd5 Nxd5 19. Bd2 Rd8 20. Qb3 b6 21. Re1 Qf8 22. Bc4 Nf4 23. Ne5 Bxe5 24. Rxe5 Rxd4 25. Bxf4 Rxf4 26. Rxh5 g5 27. g3 Rf6 28. Qc3 Qd6 29. Bf1 Kg7 30. Bg2 Qd1+ 31. Kh2 Qxh5 32. g4 Qh4 33. f3 Qf2 34. Qe5 Qc5 35. Qe2 Qd6+ 36. Kg1 Re6 37. Qc2 Qe5 38. Bf1 c5 39. Bc4 Qd4+ 40.
Kg2 Re3 41. Be2 b5 42. Kf1 Qe5 43. Kf2 c4 44. a3 a5 45. Kf1 Rxe2 46. Qxe2 Qxe2+ 47. Kxe2 Kf6 48. Ke3 Ke5 49. Kd2 b4 50. a4 Kd4 51.
Ke2 c3 52. bxc3+ bxc3 53. Kd1 Kd3 54. Kc1 c2 0-1

[Event "Early-Titled-Tuesday-Blitz-November-28-2023"]
[Site "Chess.com"]
[Date "2023.11.28"]
[Round "7"]
[White "RamonManon0g"]
[Black "noblerone"]
[Result "1-0"]
[WhiteElo "2354"]
[BlackElo "2507"]
[TimeControl "180+1"]
[EndTime "9:25:55 PST"]
[Termination "RamonManon0g won by checkmate"]

1. e4 d5 2. exd5 Qxd5 3. Nc3 Qd8 4. d4 Nf6 5. Nf3 Bg4 6. Be2 e6 7. O-O c6 8. h3 Bxf3 9. Bxf3 Bd6 10. Bg5 Nbd7 11. Re1 O-O 12. Ne4 Be7 13. Bf4 Nb6 14.
c3 Nbd5 15. Bg3 b5 16. Qd3 a5 17. a4 Qb6 18. Nxf6+ Bxf6 19. Bd6 Rfd8 20. Bc5 Qb7 21. b3 h6 22. axb5 Qxb5 23. Qxb5 cxb5 24. c4 bxc4 25.
bxc4 Nf4 26. Bxa8 Rxa8 27. Ra3 a4 28. Rea1 Ne2+ 29. Kf1 Nxd4 30. Rxa4 Rxa4 31. Rxa4 Nb3 32. Be3 Kf8 33. c5 Ke7 34. Ra7+ Ke8 35. c6 Be5 36.
Rb7 Na5 37. Rb6 Bc7 38. Ra6 Ke7 39. Bc5+ Kf6 40. Bb6 Bxb6 41. Rxb6 Ke7 42. Rb7+ Kd6 43. Rxf7 Nxc6 44. Rxg7 Ne5 45. Rh7 Kd5 46. Rxh6 Nc4 47. h4 Ke5 48. Rg6 Kf5 49. Rg3 Nd2+ 50. Kg1 Ne4 51. Rf3+ Kg4 52. Re3 Nc5 53. g3 Kf5 54. Kg2 e5 55. Ra3 Ne4 56. Ra5 Kf6 57. h5 Nc3 58. h6 Kg6 59. Rxe5 Kxh6 60. g4 Kg6 61. Kg3 Na2 62. f4 Nb4 63. f5+ Kg5 64. Re6 Nd5 65.
Rg6# 1-0

[Event "Early-Titled-Tuesday-Blitz-November-28-2023"]
[Site "Chess.com"]
[Date "2023.11.28"]
[Round "7"]
[White "seopie"]
[Black "AljoschaFeuerstack"]
[Result "1-0"]
[WhiteElo "2866"]
[BlackElo "2649"]
[TimeControl "180+1"]
[EndTime "9:25:57 PST"]
[Termination "seopie won on time"]

1. e4 c6 2. d4 d5 3. Nd2 a6 4. c3 dxe4 5. Nxe4 Bf5 6. Ng3 Bg6 7.
Nf3 Nd7 8. h4 h6 9. h5 Bh7 10.
Bd3 Bxd3 11. Qxd3 Ngf6 12. Bd2 e6 13. O-O-O Qa5 14. Kb1 Bd6 15. Ne4 Nxe4 16. Qxe4 Nf6 17. Qe2 Qf5+ 18. Ka1 Qe4 19. Qxe4 Nxe4 20. Be3 f5 21. Nd2 Nxd2 22. Bxd2 b5 23. Rde1 Kf7 24. f3 Rhd8 25. Be3 Be7 26. g4 Rd5 27. Kb1 Rad8 28. Re2 e5 29. gxf5 Bf6 30. Rhe1 exd4 31. Bxd4 Bxd4 32.
cxd4 Rxf5 33. Re7+ Kf8 34. Rc7 Rxh5 35. Rxc6 Rhd5 36. Rxa6 Rxd4 37. Rb6 R4d5 38. Kc2 Rc8+ 39. Kb3 Kg8 40. Re3 h5 41. f4 h4 42. Rh3 Rh5 43. Rg6 Kf7 44. Rg4 Rch8 45. Kb4 Kf6 46. Rg1 g6 47. b3 Rf5 48. Rg4 Rfh5 49. a3 Kf5 50. Rg1 Kxf4 51. Rxg6 Rf5 52. Rg1 Ke5 53. Kxb5 Rf4 54. Re1+ Kf5 55. b4 Kg4 56. Reh1 Rb8+ 57. Ka4 Ra8+ 58. Kb3 Rh8 59. a4 Kg5 60. b5 Rg4 61.
Rc3 Ra8 62. Ra1 Rg3 63. Rxg3+ hxg3 64. Kb4 Rf8 65. b6 Kh4 66. Rh1+ Kg4 67. a5 g2 68.
Rg1 Kh3 69. a6 Rf4+ 70. Kb5 Rf5+ 71. Kc4 Rf4+ 72. Kd5 Rf5+ 73. Ke4 Rb5 74. a7 1-0

[Event "Early-Titled-Tuesday-Blitz-November-28-2023"]
[Site "Chess.com"]
[Date "2023.11.28"]
[Round "7"]
[White "kuanysh1981"]
[Black "Korchmar_Vasiliy"]
[Result "0-1"]
[WhiteElo "2469"]
[BlackElo "2727"]
[TimeControl "180+1"]
[EndTime "9:25:58 PST"]
[Termination "Korchmar_Vasiliy won on time"]

1. d4 Nf6 2. Nf3 d5 3. c4 e6 4. Nc3 dxc4 5. e3 a6 6. Bxc4 b5 7. Bb3 Bb7 8. O-O Nbd7 9. Qe2 c5 10. Rd1 Qc7 11. d5 c4 12. dxe6 fxe6 13. Bc2 Bd6 14.
h3 O-O 15. Ng5 Rae8 16. Nce4 Bh2+ 17. Kh1 h6 18. Nxf6+ Nxf6 19. Nf3 Bd6 20. Bd2 Ne4 21. Be1 Qc5 22. a3 Qh5 23. Kg1 Bb8 24. Nd4 Qg5 25.
Qg4 Qe5 26. f4 Qf6 27. Bb4 Rf7 28. Nf3 Ba7 29. Nd4 e5 30. Bxe4 Bxe4 31. fxe5 Qxe5 32. Rf1 Bd5 33. Nf5 Kh7 34. Bc3 Qe4 35. Nxg7 Qxg4 36. hxg4 Rxg7 37. Bxg7 Bxe3+ 38. Kh2 Kxg7 39. Rad1 Bc6 40. Rd6 Ba8 41. Rxa6 Bd4 42. Rd1 Bxb2 43. Rd7+ Kg8 44. Rg6+ Kf8 45. Rxh6 Be5+ 46. Kh3 c3 47. Rd1 c2 48. Rc1 Be4 49. g5 Bb2 50. Rf1+ Kg7 51.
Rd6 c1=Q 52. Rxc1 Bxc1 53. Rb6 Bd3 0-1

[Event "Early-Titled-Tuesday-Blitz-November-28-2023"]
[Site "Chess.com"]
[Date "2023.11.28"]
[Round "7"]
[White "atalz0"]
[Black "Meri-Arabidze"]
[Result "0-1"]
[WhiteElo "2490"]
[BlackElo "2695"]
[TimeControl "180+1"]
[EndTime "9:25:58 PST"]
[Termination "Meri-Arabidze won on time"]

1. d4 f5 2. g3 Nf6 3. Bg2 e6 4. Nh3 c6 5. O-O Be7 6. Nd2 d5 7. c4 O-O 8. Nf4 Bd6 9. Nf3 Qe7 10. Qc2 Nbd7 11. Nd3 Ne4 12. c5 Bc7 13. Bf4 Bxf4 14. gxf4 Kh8 15. Nde5 g5 16. fxg5 Nxg5 17. Nxg5 Nxe5 18.
f4 Ng4 19. Rf3 h6 20. Rh3 Rg8 21. Qd3 Bd7 22. Rf1 Rg6 23. Kh1 Rag8 24. Nf3 Qg7 25. Nh4 Rf6 26. Rg3 Qf7 27. Bf3 Qh5 28. Rh3 Rf7 29.
Bg2 Rfg7 30. Nf3 Qg6 31. Rg3 Be8 32. Ne5 Qh5 33. Nxg4 fxg4 34. e4 dxe4 35. Bxe4 Bg6 36. Re1 Bxe4+ 37. Qxe4 Qd5 38. Qxd5 exd5 39. Re5 Kh7 40. Kg2 Rf7 41. f5 h5 42. Kf2 Kh6 43. Ke3 Rgf8 44. Rg1 Rxf5 45. Rxf5 Rxf5 46. Kd2 Kg5 47.
Re1 Rf2+ 48. Kc3 Rxh2 49. Re7 g3 50. Rg7+ Kf4 51. Rxb7 g2 52. Rf7+ Kg3 53. Rg7+ Kf2 54. Rf7+ Kg1 55. b4 Kh1 56. Rg7 g1=Q 57. Rxg1+ Kxg1 58.
b5 cxb5 59. Kb4 Rc2 0-1

[Event "Early-Titled-Tuesday-Blitz-November-28-2023"]
[Site "Chess.com"]
[Date "2023.11.28"]
[Round "7"]
[White "RobertoJBM"]
[Black "Tartody"]
[Result "1-0"]
[WhiteElo "2811"]
[BlackElo "2604"]
[TimeControl "180+1"]
[EndTime "9:25:59 PST"]
[Termination "RobertoJBM won on time"]

1. e4 e6 2. d4 d6 3. c4 b6 4. Nc3 Bb7 5. f3 Nd7 6. Be3 Ne7 7. Qd2 a6 8. O-O-O c6 9. Kb1 b5 10. d5 exd5 11. exd5 c5 12. cxb5 Qa5 13. a4 f5 14. Nh3 g6 15. Nf4 Bg7 16. Ne6 Be5 17. f4 Bxc3 18. Qxc3 Qxc3 19. bxc3 Nxd5 20. Rxd5 Ke7 21.
Bc4 axb5 22. axb5 Ra4 23. Rhd1 Nb6 24. Rxd6 Be4+ 25. Bd3 Kxd6 26. Bxe4+ Kxe6 27. Bc2 Ra5 28. Bxc5 Rxb5+ 29. Bb4 Kf6 30. Rd6+ Kg7 31. Bd3 Rd5 32. Kc2 Rxd6 33. Bxd6 Rc8 34. Kb3 Nd7 35. Kb4 Rc6 36.
Be7 Kf7 37. Bh4 Ke6 38. Bf2 Rc8 39. Bc4+ Kd6 40. Bb5 Nc5 41. Bd4 Kd5 42. Be5 Ne4 43. c4+ Ke6 44. Bd4 g5 45. fxg5 Nxg5 46. c5 Ne4 47.
Bc4+ Kd7 48. Bd5 Rb8+ 49. Kc4 Rc8 50. Be3 Nf6 51. Bf3 Ke6 52. Bf4 Nd7 53. c6 Ne5+ 54. Bxe5 Kxe5 55. Kc5 Ke6 56. g4 f4 57. Be4 Ke7 58.
Bxh7 Rh8 59. Bf5 Rxh2 60. c7 Rh1 61. c8=Q Rc1+ 62. Kd4 Rxc8 63. Bxc8 1-0

[Event "Early-Titled-Tuesday-Blitz-November-28-2023"]
[Site "Chess.com"]
[Date "2023.11.28"]
[Round "7"]
[White "Dewarfd"]
[Black "twitchTriniCupid"]
[Result "1-0"]
[WhiteElo "2150"]
[BlackElo "2355"]
[TimeControl "180+1"]
[EndTime "9:25:59 PST"]
[Termination "Dewarfd won on time"]

1. d4 Nf6 2. e3 e6 3. Nf3 c5 4. dxc5 Bxc5 5. c4 O-O 6. Nc3 b6 7. Be2 Bb7 8. O-O Nc6 9. a3 a5 10. b3 Qe7 11. Bb2 Rfd8 12. h3 d6 13. Qc2 Rac8 14.
Rfd1 h6 15. Na4 Rb8 16. Rd2 d5 17. Nxc5 Qxc5 18. Bxf6 gxf6 19. Qb2 Kg7 20. Rc1 dxc4 21. Rxd8 Rxd8 22. Bxc4 Qd6 23. Bb5 Ne7 24. Be2 Rc8 25. Rd1 Qc7 26. Qd4 Qc5 27. Qxc5 Rxc5 28. Rd7 Bxf3 29.
Bxf3 Nf5 30. Bg4 Nh4 31. Bxe6 f5 32. Bxf7 Kf6 33. Bc4 b5 34. Rd5 Rxd5 35. Bxd5 b4 36. axb4 axb4 37. Kf1 Ke5 38. Bf7 Kf6 39. Be8 Ke7 40. Bh5 Kf6 41. Ke2 Kg5 42. Bf3 Kf6 43. Kd3 Ke5 44. Kc4 Ng6 45. Kxb4 f4 46. Kc5 fxe3 47. fxe3 Ne7 48. b4 Nf5 49. e4 Nd4 50. b5 Ne6+ 51. Kc6 Nd4+ 52. Kb6 Kd6 53. h4 Ne6 54. Ka7 Kc5 55. b6 Nd8 56. b7 1-0

[Event "Early-Titled-Tuesday-Blitz-November-28-2023"]
[Site "Chess.com"]
[Date "2023.11.28"]
[Round "7"]
[White "bubeliang"]
[Black "mbojan"]
[Result "0-1"]
[WhiteElo "2639"]
[BlackElo "2849"]
[TimeControl "180+1"]
[EndTime "9:26:00 PST"]
[Termination "mbojan won by resignation"]

1. e4 a6 2. d4 e6 3. Nf3 d5 4. exd5 exd5 5. Bd3 Bd6 6. O-O Ne7 7. Re1 O-O 8. Nbd2 Nbc6 9. c3 Bf5 10. Nf1 Qd7 11.
Bg5 f6 12. Bh4 Bxd3 13. Qxd3 Qf5 14. Qxf5 Nxf5 15. Ne3 Nce7 16. Bg3 Nxg3 17. hxg3 Kf7 18. Re2 c6 19. Rae1 b5 20. Ng4 h5 21. Ngh2 Rfe8 22. Re6 Nf5 23. Rxe8 Rxe8 24. Rxe8 Kxe8 25. g4 hxg4 26. Nxg4 Kf7 27. Kf1 Ke6 28. Ke2 a5 29. Ne3 Ne7 30. g4 Bf4 31. Nh4 g6 32. Nhg2 Bc7 33. f4 f5 34. gxf5+ gxf5 35. Kf3 Nc8 36. Nh4 Nd6 37. Ng6 Ne4 38. Ne5 c5 39. dxc5 Bxe5 40.
fxe5 Nxc5 41. Nc2 Kxe5 42. Nd4 Nd3 43. Nc6+ Kd6 44. Nxa5 Nxb2 45. Kf4 Nd1 46. Kxf5 Nxc3 47. Kf4 Nxa2 48. Nb3 Nb4 49. Ke3 Nc6 50. Kd3 b4 51.
Ke3 Kc7 52. Kd3 Kb6 53. Nd2 Kb5 54. Nf1 Ka4 55. Kc2 Ka3 56. Nd2 Nd4+ 57. Kd3 Ne6 58. Nb1+ Kb2 59. Nd2 b3 60. Nf1 Ka2 61. Nd2 b2 62.
Kc2 d4 63. Nb1 d3+ 64. Kxd3 Kxb1 65. Ke4 Ka1 66. Ke5 b1=Q 67. Kd6 Qb6+ 68. Ke7 Nd4 0-1

[Event "Early-Titled-Tuesday-Blitz-November-28-2023"]
[Site "Chess.com"]
[Date "2023.11.28"]
[Round "7"]
[White "tantaan"]
[Black "MikeSailer"]
[Result "1-0"]
[WhiteElo "2349"]
[BlackElo "2058"]
[TimeControl "180+1"]
[EndTime "9:26:00 PST"]
[Termination "tantaan won on time"]

1. d4 d5 2. c4 Bf5 3. Nc3 e6 4.
cxd5 exd5 5. Qb3 Nc6 6. Be3 Nb4 7. Rc1 a5 8. a3 a4 9. Nxa4 Nc6 10. Qxb7 Nxd4 11.
Bxd4 Rxa4 12. e3 Bd6 13. Bb5+ Bd7 14. Bxa4 Bxa4 15. Bxg7 Qg5 16. Qc8+ Ke7 17. Rxc7+ Bxc7 18. Qxc7+ Bd7 19. Qc5+ Ke6 20. Bxh8 Qxg2 21. Qb6+ Ke7 22. Qb4+ Ke6 23. Qb6+ Ke7 24. Qc5+ Ke6 25. Qc7 f6 26. Qg3 Qxh1 27. Qxg8+ Kd6 28. Bxf6 Be6 29. Qg3+ Kc6 30. Bd4 Qe4 31. Ne2 Qb1+ 32. Kd2 Bf5 33. Nc3 Qc2+ 34. Ke1 Qxb2 35. Kf1 Qc1+ 36. Kg2 Be4+ 37. Nxe4 dxe4 38. Qe5 Qxa3 39. Qe6+ Qd6 40. Qxd6+ Kxd6 41. Kg3 Ke6 42. Kf4 Kf7 43. h4 Kg6 44. Kxe4 Kh5 45. Bf6 Kg4 46. Ke5 Kf3 47. e4 Kxf2 48. Kf5 1-0

[Event "Early-Titled-Tuesday-Blitz-November-28-2023"]
[Site "Chess.com"]
[Date "2023.11.28"]
[Round "7"]
[White "Magila31"]
[Black "GoValya"]
[Result "1-0"]
[WhiteElo "2359"]
[BlackElo "2208"]
[TimeControl "180+1"]
[EndTime "9:26:00 PST"]
[Termination "Magila31 won by checkmate"]

1. Nf3 Nf6 2. c4 c5 3. Nc3 g6 4.
g3 Nc6 5. Bg2 Bg7 6. O-O O-O 7.
d3 d6 8. Bd2 e5 9. Bg5 a6 10. Nd2 Nd4 11. Nd5 Ne6 12. Bxf6 Bxf6 13. Ne4 Bg7 14. Nec3 Rb8 15. a3 b5 16. cxb5 axb5 17.
b4 Nd4 18. e3 Ne6 19. Rb1 Bd7 20. Qe2 f5 21. Rfc1 f4 22. Ne4 Ng5 23. Nxg5 Qxg5 24.
bxc5 fxg3 25. hxg3 Bg4 26. Qa2 Kh8 27. cxd6 Bf3 28.
d7 Bxg2 29. Kxg2 Qf5 30. Qe2 Qxd7 31. e4 Qe6 32. Rc7 Rf7 33. Rbc1 Rbf8 34. R1c6 Qe8 35.
Rxf7 Qxf7 36. Qe3 Qd7 37. Rc7 Qe6 38. Qg5 h6 39. Qe7 Qxe7 40. Rxe7 Ra8 41. Re6 Rxa3 42. Rxg6 Rxd3 43. Rb6 Rb3 44. Nc7 Bf8 45. Rxb5 Rxb5 46. Nxb5 Kg7 47. Kf3 Kf6 48. Kg4 Be7 49. Kh5 Bf8 50.
Nc3 Ke6 51. Nd1 Bg7 52. Ne3 Kf6 53. Nf5 Kf7 54. Nxg7 Kxg7 55. f4 Kf6 56. f5 Kg7 57. g4 Kh7 58. f6 Kh8 59. Kxh6 Kg8 60. g5 Kh8 61. g6 Kg8 62. f7+ Kh8 63. g7# 1-0

[Event "Early-Titled-Tuesday-Blitz-November-28-2023"]
[Site "Chess.com"]
[Date "2023.11.28"]
[Round "7"]
[White "InitiatingASC"]
[Black "LeoLV10"]
[Result "1-0"]
[WhiteElo "2353"]
[BlackElo "2524"]
[TimeControl "180+1"]
[EndTime "9:26:01 PST"]
[Termination "InitiatingASC won by resignation"]

1. d4 Nf6 2. c4 e6 3. Nc3 Bb4 4.
e3 b6 5. Bd3 Bb7 6. Nf3 Ne4 7.
Qc2 f5 8. Bxe4 Bxe4 9. Qb3 a5 10. a3 Bxc3+ 11. Qxc3 O-O 12. b3 d6 13. Bb2 Nd7 14. O-O-O Rf7 15. Rhg1 Qe7 16. Nd2 Bb7 17. f3 c5 18. Kb1 Rb8 19. g4 f4 20. e4 cxd4 21. Qxd4 e5 22. Qf2 Nc5 23. Kc2 Rc8 24. a4 Qe6 25. Ba3 Nd7 26. Kb2 Nc5 27. Bxc5 Rxc5 28. Nb1 Rfc7 29. Nc3 Ba6 30. Nd5 Rc8 31. Rc1 Qe8 32.
Rgd1 Kh8 33. Nxb6 R8c6 34. Nd5 Qb8 35. Rc3 Rxc4 36. Rdc1 Rxc3 37. Rxc3 Rxc3 38. Nxc3 Bc4 39. Qc2 Bg8 40. Nb1 h6 41. Nd2 Qb4 42. Qc3 Qb6 43. Ka3 d5 44. exd5 Bxd5 45. h4 Qd6+ 46. Kb2 Be6 47. h5 Bf7 48. Ne4 Qd5 49. Qc8+ Kh7 50.
Qf5+ Kg8 51. Qc8+ Kh7 52. Qf5+ Kh8 53. Qc8+ Bg8 54. Qc3 Kh7 55. Qc2 Kh8 56. Qc3 Qb7 57. Kc2 Qd5 58. Qd3 Qc6+ 59. Qc3 Qb6 60. Qxe5 Qc6+ 61.
Qc3 Qb6 62. Kb2 Qc6 63. Qxc6 1-0

[Event "Early-Titled-Tuesday-Blitz-November-28-2023"]
[Site "Chess.com"]
[Date "2023.11.28"]
[Round "7"]
[White "kikoveiga"]
[Black "missponyo10"]
[Result "1-0"]
[WhiteElo "2569"]
[BlackElo "2202"]
[TimeControl "180+1"]
[EndTime "9:26:04 PST"]
[Termination "kikoveiga won by checkmate"]

1. c4 e5 2. Nc3 Nf6 3. Nf3 d6 4. d4 exd4 5. Nxd4 Be7 6. e4 O-O 7. Be2 c5 8. Nc2 a6 9. O-O Nc6 10. Bf4 Qc7 11. Qd2 Be6 12. Rad1 Rad8 13. Bg3 Ne8 14.
Nd5 Bxd5 15. exd5 Nb8 16. Rfe1 Bf6 17. Ne3 g6 18. h4 Bg7 19. h5 Nf6 20. Bh4 Rde8 21.
h6 Bh8 22. Ng4 Nxg4 23. Bxg4 Nd7 24. Be7 Ne5 25. Bxf8 Rxf8 26. Be2 f5 27. Bf1 Qd8 28. f4 Ng4 29. g3 Bd4+ 30. Kg2 Qf6 31. Re6 Qh8 32.
Be2 Nxh6 33. Rh1 Qg7 34. Bf3 Bxb2 35. Rxd6 Bd4 36. Re6 Nf7 37. d6 Bf6 38. Bd5 Kh8 39.
d7 Nd8 40. Re8 Be7 41. Qe3 Qb2+ 42. Kh3 Bd6 43. Rxd8 Rxd8 44. Qe8+ Rxe8 45. dxe8=Q+ Kg7 46.
Qf7+ Kh6 47. Qxb7 Qe2 48. Bg8 Be7 49. Qg2 Qd3 50. Qf2 Kg7 51. Bd5 Qa3 52. Kg2 Bd6 53. Re1 Qa4 54. Re2 Qd7 55. Qf3 Kh6 56. Kg1 Qg7 57.
Rh2# 1-0

[Event "Early-Titled-Tuesday-Blitz-November-28-2023"]
[Site "Chess.com"]
[Date "2023.11.28"]
[Round "7"]
[White "GeorgiosSouleidis"]
[Black "Kirill_Klukin"]
[Result "0-1"]
[WhiteElo "2638"]
[BlackElo "2862"]
[TimeControl "180+1"]
[EndTime "9:26:06 PST"]
[Termination "Kirill_Klukin won by resignation"]

1. e4 c5 2. Nf3 g6 3. Bc4 Bg7 4.
O-O Nc6 5. Re1 e6 6. c3 Nge7 7. d4 d5 8. exd5 exd5 9. Bb3 cxd4 10. cxd4 O-O 11. Nc3 Nf5 12. Bg5 Qd6 13. Nxd5 Be6 14. Bf4 Qd8 15. Nc7 Bxb3 16. axb3 Rc8 17. d5 Ncd4 18.
Nxd4 Bxd4 19. Nb5 Bxf2+ 20. Kxf2 Qb6+ 21. Nd4 Rfd8 22. Kf1 Rxd5 23. Rc1 Rcd8 24. Rc4 Nxd4 25. Be3 Qb5 26. Bxd4 Rxd4 27. Qe2 Rd2 28. Qe7 Qd5 29. Qe4 Rxb2 30. Qxd5 Rxd5 31. Re8+ Kg7 32. Re7 Rf5+ 33. Ke1 Rff2 34. Rcc7 b6 35. Rxa7 Rf6 36. Re2 Rxb3 37. Raa2 Rb1+ 38. Kd2 Rb5 39. Ke3 Re5+ 40. Kd3 Rd6+ 41.
Kc3 Rc5+ 42. Kb3 Rcd5 43. Kc4 Rd4+ 44. Kb5 R4d5+ 45. Kc4 Rf5 46. Rad2 Rdf6 47. Kb4 h5 48. g3 Rg5 49. Kc4 Rff5 50. Kb3 Rg4 51. Re3 h4 52. Rde2 hxg3 53. hxg3 Rfg5 54. Rg2 Rd4 55. Kc3 Rdd5 56. Kc4 Rc5+ 57. Kd4 Rgd5+ 58. Ke4 Re5+ 59. Kf4 Rxe3 60. Kxe3 Kf6 61. Rf2+ Rf5 62. Rb2 b5 63. Ke4 Kg5 64. Rb4 Kg4 65. Ke3+ Kxg3 66. Rb1 Kh4 67. Rh1+ Kg5 68.
Rg1+ Kf6 69. Rb1 g5 70. Ke4 g4 0-1

[Event "Early-Titled-Tuesday-Blitz-November-28-2023"]
[Site "Chess.com"]
[Date "2023.11.28"]
[Round "7"]
[White "scarabee43"]
[Black "VincentKeymer"]
[Result "1/2-1/2"]
[WhiteElo "2828"]
[BlackElo "3018"]
[TimeControl "180+1"]
[EndTime "9:26:07 PST"]
[Termination "Game drawn - insufficient material"]

1. d4 Nf6 2. c4 e6 3. Nf3 a6 4. Nc3 Bb4 5. Qc2 b5 6. e3 bxc4 7. Bxc4 O-O 8. O-O Bb7 9. Be2 a5 10. a3 Be7 11. e4 d5 12. e5 Nfd7 13. Nb5 Ba6 14. Bf4 c5 15. Rfc1 Qb6 16. a4 Rc8 17.
Qd2 Nc6 18. Be3 cxd4 19. Nfxd4 Nxd4 20. Bxd4 Bc5 21. Bxc5 Nxc5 22. Nd6 Rc7 23. Ra3 Ne4 24. Nxe4 Rxc1+ 25. Qxc1 dxe4 26. Bxa6 Qxa6 27. h3 h6 28. Rc3 Qb7 29. Rc7 Qb4 30. Rc4 Qb7 31.
Qf4 Qxb2 32. Qxe4 Rd8 33. g3 Qa1+ 34. Kg2 Qb2 35. h4 Qb8 36. Rc5 Qa7 37. Rc2 Qd7 38. Rb2 Qd4 39. Qxd4 Rxd4 40. Rb8+ Kh7 41. Rb7 Kg6 42.
h5+ Kxh5 43. Rxf7 Kg6 44. Re7 Rxa4 45. Rxe6+ Kf5 46. Re7 g5 47. Rh7 Kxe5 48. Rxh6 g4 49. f4+ gxf3+ 50. Kxf3 Ra3+ 51. Kg4 a4 52. Ra6 Kd4 53. Kf4 Kc4 54. g4 Ra1 55. g5 Kb5 56. Ra8 a3 57. g6 a2 58. Ke5 Re1+ 59. Kf6 Rf1+ 60. Ke6 Re1+ 61. Kf6 a1=Q+ 62. Rxa1 Rxa1 63. g7 Rf1+ 64. Ke6 Rg1 65. Kf7 Rxg7+ 66. Kxg7 1/2-1/2

[Event "Early-Titled-Tuesday-Blitz-November-28-2023"]
[Site "Chess.com"]
[Date "2023.11.28"]
[Round "7"]
[White "AryanTari"]
[Black "GHANDEEVAM2003"]
[Result "0-1"]
[WhiteElo "2989"]
[BlackElo "3159"]
[TimeControl "180+1"]
[EndTime "9:26:08 PST"]
[Termination "GHANDEEVAM2003 won by resignation"]

1. e4 c6 2. d4 d5 3. exd5 cxd5 4. Bd3 Nc6 5. c3 e5 6. dxe5 Nxe5 7. Nf3 Nxd3+ 8. Qxd3 Bd6 9. O-O Ne7 10. Nd4 O-O 11. Nd2 Nc6 12. N2f3 Re8 13. Be3 Bg4 14. Ng5 g6 15. h3 Bc8 16. Ngf3 a6 17. Rae1 Bd7 18. Bg5 f6 19. Nc2 Be6 20. Bh4 Kg7 21. Ncd4 Bf7 22. Rxe8 Qxe8 23. Re1 Qd8 24. Re6 Be7 25. Nxc6 bxc6 26.
Rxc6 a5 27. Qd4 Be8 28. Re6 Bf7 29. Rb6 Rc8 30. b3 Kg8 31. Rb7 g5 32. Bg3 Bc5 33. Qg4 Qe8 34. Qf5 Qe6 35. Qxe6 Bxe6 36. h4 h6 37. Rb5 Bf8 38. Nd4 Bf7 39. Rxa5 Rxc3 40.
Ra6 Bc5 41. Nf5 Bg6 42. Ne3 d4 43. Ng4 d3 44. Nxf6+ Kf7 45. Nd5 Rc1+ 46. Kh2 d2 47.
Rf6+ Ke8 48. Re6+ Kd7 49. Rxg6 d1=Q 50. Nf6+ Kc8 51. Rg8+ Kb7 52. Rb8+ Ka7 53. Be5 Qg1+ 54. Kg3 Qxf2+ 55. Kg4 Qxh4+ 56. Kf5 Rf1+ 57. Kg6 Qe1 58. Rd8 Qxe5 0-1

[Event "Early-Titled-Tuesday-Blitz-November-28-2023"]
[Site "Chess.com"]
[Date "2023.11.28"]
[Round "7"]
[White "MKlose11"]
[Black "Jamal-Jamal-Jamal"]
[Result "1-0"]
[WhiteElo "2611"]
[BlackElo "2478"]
[TimeControl "180+1"]
[EndTime "9:26:09 PST"]
[Termination "MKlose11 won on time"]

1. e4 e6 2. d4 d5 3. Nd2 Nf6 4.
e5 Nfd7 5. Bd3 c5 6. c3 Nc6 7. Ndf3 cxd4 8. cxd4 f6 9. exf6 Qxf6 10. Ne2 Bd6 11.
O-O O-O 12. Bg5 Qf7 13. Bh4 h6 14. Bg3 e5 15. dxe5 Ndxe5 16. Nxe5 Nxe5 17. Bc2 Be6 18. Nd4 Rad8 19. b3 Ng4 20. Qe2 Bc8 21. Bxd6 Rxd6 22.
h3 Nf6 23. Rad1 Re8 24. Qd3 Ne4 25. f3 Nf6 26. Nf5 Bxf5 27. Qxf5 Qd7 28. Rfe1 Rxe1+ 29. Rxe1 Qxf5 30. Bxf5 Kf7 31. Kf2 d4 32. Bc8 b6 33.
Rc1 d3 34. Ba6 Nd7 35. Bc4+ Kf6 36. Rd1 Ne5 37. Ke3 Kf5 38. Bxd3+ Nxd3 39. Rxd3 Rc6 40. Rd5+ Ke6 41. Rd2 Rc3+ 42. Kd4 Rc6 43. Re2+ Kf6 44.
g4 Rd6+ 45. Kc4 Rc6+ 46. Kb5 Rc5+ 47. Kb4 Ra5 48. h4 Rc5 49. h5 Kg5 50. Re4 Kf6 51.
a4 Rc6 52. Rc4 Rd6 53. Kb5 Kg5 54. Rc7 Kf6 55. Rxa7 Rd3 56. b4 Rxf3 57. Rb7 Rf4 58. Rxb6+ Ke5 59. a5 Rxg4 60. a6 Rg1 61. a7 Ra1 62. Ra6 Rxa6 63. Kxa6 Kd6 64. a8=Q Kc7 65. Qg2 1-0

[Event "Early-Titled-Tuesday-Blitz-November-28-2023"]
[Site "Chess.com"]
[Date "2023.11.28"]
[Round "7"]
[White "SayonaraPonytail"]
[Black "Leonid_Starozhilov"]
[Result "0-1"]
[WhiteElo "2549"]
[BlackElo "2743"]
[TimeControl "180+1"]
[EndTime "9:26:13 PST"]
[Termination "Leonid_Starozhilov won by resignation"]

1. e4 c6 2. d4 d5 3. e5 c5 4.
dxc5 e6 5. a3 a5 6. Be3 Nd7 7.
Bb5 Ne7 8. c3 Nc6 9. Bd4 Nxc5 10. Nd2 Bd7 11. b4 axb4 12. axb4 Rxa1 13. Qxa1 Nxd4 14. Bxd7+ Nxd7 15. cxd4 Bxb4 16. Nf3 Qa5 17. Qc1 O-O 18. O-O Nb6 19. Nb3 Qb5 20. Qb1 Be7 21. Nc5 Qxb1 22. Rxb1 Bxc5 23. dxc5 Nd7 24. Rxb7 Nxc5 25. Rc7 Nd3 26. Kf1 h6 27. g3 Ra8 28.
Ke2 Nb2 29. h4 Nc4 30. g4 Ra2+ 31. Kf1 Nd2+ 32. Nxd2 Rxd2 33. Rc8+ Kh7 34. Rf8 Rd4 35. f3 Rf4 36. Kg2 g5 37. h5 Kg7 38. Rd8 Rd4 39.
Kf2 Rd3 40. Ke2 Ra3 41. Rd7 Ra2+ 42. Ke3 Ra1 43. Ke2 Ra3 44. Rd8 Ra7 45. Ke3 Rb7 46. Ke2 f6 47. Rd6 Re7 48. exf6+ Kxf6 49. Ke3 Ke5 50. Rd8 Rf7 51. Rg8 d4+ 52. Ke2 Rf6 53. Ra8 Kf4 54. Ra4 Kg3 55. Rxd4 Rxf3 56. Re4 Rf2+ 57. Ke3 Rf3+ 58. Ke2 Rf6 59. Ke3 e5 60. Ke2 Rf4 61. Rxe5 Kxg4 62. Re6 Kxh5 63. Ke3 Rf1 64.
Ke2 Rf8 65. Ra6 g4 66. Ra5+ Kh4 67. Ra6 h5 68. Ke3 g3 69. Ra1 Kg4 70. Ra4+ Kh3 71. Ke2 h4 72. Ra1 g2 73. Ra3+ Kh2 0-1

[Event "Early-Titled-Tuesday-Blitz-November-28-2023"]
[Site "Chess.com"]
[Date "2023.11.28"]
[Round "7"]
[White "suyu28"]
[Black "GiorgianBarbosa"]
[Result "1-0"]
[WhiteElo "2739"]
[BlackElo "2526"]
[TimeControl "180+1"]
[EndTime "9:26:14 PST"]
[Termination "suyu28 won on time"]

1. e4 c5 2. Nf3 g6 3. d4 cxd4 4. Nxd4 Bg7 5. c4 Nc6 6. Be3 Nf6 7. Nc3 O-O 8. f3 Nxd4 9. Bxd4 d6 10. Be2 Bd7 11.
O-O Bc6 12. Qd2 Nd7 13. Be3 a5 14. b3 Nc5 15. Kh1 e6 16. Rfd1 Be5 17. Bd4 Qe7 18. f4 Bxf4 19. Qxf4 e5 20. Qg3 exd4 21. Rxd4 Qe5 22.
Rad1 Qxg3 23. hxg3 Rfe8 24. Bf3 Rad8 25. Kg1 Re5 26. Rxd6 Rxd6 27. Rxd6 Nxe4 28. Rxc6 Nxc3 29. Rc8+ Kg7 30. Bxb7 Nxa2 31. c5 Nb4 32. c6 Rc5 33. Kf2 Rc2+ 34. Ke3 Rc3+ 35. Kd4 Rxb3 36. c7 Nc2+ 37. Kc4 Rb4+ 38. Kc3 Nd4 39. Rg8+ Kxg8 40. c8=Q+ Kg7 41. Bd5 Nf5 42. Qc7 Nh6 43. Qxa5 Rg4 44.
Qc7 Rg5 45. Bc4 Rf5 46. g4 Nxg4 47. Bd3 Rf6 48. Kd2 h5 49. Qc3 Kg8 50. Be2 Rf2 51.
Ke1 Rxg2 52. Qc8+ Kg7 53. Qc3+ Kg8 54. Qc8+ Kg7 55. Qb7 Rg3 56. Bc4 Re3+ 57. Kd2 1-0